 Dungeon Crawl Stone Soup version 0.22-a0-456-g11ed031 (webtiles) character file.

14083 KristoblXynda the Destroyer (level 11, -1/86 HPs)
             Began as a Black Draconian Conjurer on June 7, 2018.
             Was an Elder of Vehumet.
             Slain by a spiny frog (18 damage)
             ... on level 1 of the Lair of Beasts.
             The game lasted 00:35:53 (16522 turns).

KristoblXynda the Destroyer (DrCj)                 Turns: 16522, Time: 00:35:54

Health: -1/86      AC: 11    Str: 12    XL:     11   Next: 84%
Magic:  13/25      EV: 12    Int: 18    God:    Vehumet [****..]
Gold:   554        SH:  0    Dex: 11    Spells: 16/30 levels left

rFire    . . .     SeeInvis +   p - +2 war axe (elec)
rCold    + . .     Gourm    +   (no shield)
rNeg     . . .     Faith    .   (armour unavailable)
rPois    .         Spirit   .   i - +2 hat {SInv}
rElec    +         Reflect  .   (no cloak)
rCorr    +         Harm     .   l - +1 pair of gloves
MR       .....                  (no boots)
Stlth    ++........             d - amulet of the gourmand
HPRegen  0.24/turn              m - ring of resist corrosion
MPRegen  0.19/turn              s - ring of protection from cold

@: no status effects
A: breathe lightning, unfitting armour, electricity resistance, cold-blooded, AC
+7
a: Breathe Lightning, Renounce Religion


You were on level 1 of the Lair of Beasts.
You worshipped Vehumet.
Vehumet was greatly pleased with you.
You were completely stuffed.

You visited 3 branches of the dungeon, and saw 13 of its levels.
You also visited: Sewer.

You collected 554 gold pieces.

Inventory:

Hand Weapons
 o - a +2 whip of flaming
 p - a +2 war axe of electrocution (weapon)
 E - a +0 broad axe
Armour
 i - a +2 hat of see invisible (worn)
 l - a +1 pair of gloves (worn)
 F - a +0 buckler
Jewellery
 d - an amulet of the gourmand (around neck)
 m - a ring of resist corrosion (left hand)
 r - an uncursed ring of flight
 s - a ring of protection from cold (right hand)
 A - an uncursed ring of magical power {unknown}
Wands
 u - a wand of disintegration (34)
 w - a wand of acid (5)
Scrolls
 e - 4 scrolls of teleportation
 f - 3 scrolls of magic mapping {unknown}
 t - a scroll of silence {unknown}
 x - 3 scrolls of enchant weapon
 y - a scroll of immolation {unknown}
 z - 4 scrolls of enchant armour {unknown}
 C - 3 scrolls of remove curse
 D - 2 scrolls of acquirement {unknown}
 G - 2 scrolls of blinking
 H - a scroll of summoning {unknown}
Potions
 a - 4 potions of flight
 g - 9 potions of heal wounds
 h - a potion of brilliance
 j - 3 potions of might
 k - a potion of mutation
 n - a potion of curing
 q - a potion of cancellation
 v - a potion of ambrosia
 B - a potion of haste {unknown}
 I - a potion of lignification {unknown}
Comestibles
 b - 26 rations
 c - 2 chunks of flesh


   Skills:
 - Level 5.0 Fighting
 + Level 8.6 Axes
 - Level 1.7 Dodging
 - Level 1.7 Stealth
 + Level 1.0 Shields
 + Level 10.3 Spellcasting
 + Level 11.6 Conjurations
 - Level 5.1 Hexes


You had 16 spell levels left.
You knew the following spells:

 Your Spells              Type           Power        Failure   Level  Hunger
a - Magic Dart            Conj           ####         1%          1    None
b - Dazzling Spray        Conj/Hex       #####.       1%          3    None
c - Iskenderun's Mystic   Conj           ######..     1%          4    ###....
d - Iron Shot             Conj/Erth      ####......   28%         6    ######.

Your spell library contained the following spells:

 Spells                   Type           Power        Failure   Level  Hunger
 Cause Fear               Hex            ####......   10%         4    ###....
 Deflect Missiles         Chrm/Air       #.........   100%        6    ######.
 Silence                  Hex/Air        ###.......   58%         5    #####..
 Fulminant Prism          Conj/Hex       #####.....   1%          4    ###....
 Force Lance              Conj/Tloc      ####....     1%          4    ###....
 Searing Ray              Conj           ######       1%          2    None
 Discord                  Hex            ####......   100%        8    #######
 Yara's Violent Unravell  Hex/Tmut       ###.......   19%         5    #####..


Dungeon Overview and Level Annotations

Branches:
Dungeon (11/15)            Temple (1/1) D:5            Lair (1/6) D:8
    Orc: D:9-12

Altars:
Ashenzari
Cheibriados
Dithmenos
Elyvilon
Fedhas
Gozag
Hepliaklqana
Kikubaaqudgha
Makhleb
Nemelex Xobeh
Okawaru
Qazlal
Ru
Sif Muna
Trog
Uskayaw
Vehumet
Wu Jian
Xom
Yredelemnul
Zin
The Shining One

Shops:
D:6 ?

Annotations:
D:3 Nib's ghost, amateur DrTm


Innate Abilities, Weirdness & Mutations

You can breathe wild blasts of lightning.
Your glossy black scales are hard. (AC +7)
You cannot fit into any form of body armour.
You are resistant to electric shocks. (rElec)
You are cold-blooded and may be slowed by cold attacks.


Message History

The spiny frog is heavily wounded.
You hear an angry hiss.
The spiny frog stings you. x2; The spiny frog stings you!
Casting: Iskenderun's Mystic Blast (safe; 1% risk of failure)
Confirm with . or Enter, or press ? or * to list all spells.
Aiming: Iskenderun's Mystic Blast (safe; 1% risk of failure)
Press: ? - help, Shift-Dir - straight line, f/p - spiny frog
Aim: a spiny frog (heavily wounded)
The orb of energy misses the spiny frog.
The spiny frog stings you!!
* * * LOW HITPOINT WARNING * * *
You are poisoned.
The spiny frog poisons you! The spiny frog stings you!
* * * LOW HITPOINT WARNING * * *
You are more poisoned.
The spiny frog poisons you!
Unknown command.
Unknown command.
You feel better. The spiny frog stings you!!
You die...

#. #.# .# ..##.# .
.#.?# ##. .... #..
##..# ##...#.#.#
##....#.#.##
.....#.....# ##
8.....F@#.###..##.
....#.F.#.........
..8.....#.........
........#.######.. .#
8..:#####.P# ...#
.... #.### ...# #..
..#.#...# ....# ## ..
.........#####...##.#
#..8.+.#....#....#..P


You could see 2 spiny frogs.

Vanquished Creatures
  Gastronok (D:8)
  A two-headed ogre (D:10)
  The ghost of KristoblXynda the Destroyer, a novice DrCj of Vehumet (D:10)
  An unseen horror (D:10)
  Pikel (D:5)
  A gargoyle (D:11)
  Joseph (D:8)
  A troll (D:8)
  A queen bee (D:10)
  Grinder (D:6)
  A hippogriff (Lair:1)
  Eustachio (D:4)
  5 yaks
  A basilisk (Lair:1)
  2 hungry ghosts
  Edmund (D:5)
  A soldier ant (D:11)
  An acid dragon (D:11)
  Duvessa (D:5)
  A porcupine (Lair:1)
  Purgy (Sewer)
  5 orc warriors
  3 sky beasts
  3 black bears
  5 ogres
  3 ice beasts
  3 wolves
  4 centaurs
  3 crocodiles (D:10)
  3 big kobolds
  6 bullfrogs
  A wyvern skeleton (D:7)
  Dowan (D:5)
  3 scorpions
  24 killer bees
  3 howler monkeys
  6 wights
  5 electric eels
  A bullfrog zombie (D:5)
  2 crimson imps
  12 hounds
  2 jellies
  2 quasits (D:8)
  8 orc priests
  4 centaur skeletons
  Terence (D:3)
  4 worker ants
  13 orc wizards
  2 hound skeletons
  2 worker ant zombies
  Robin (D:3)
  15 adders
  A river rat (D:6)
  A shadow imp (D:10)
  An ooze (D:4)
  An adder skeleton (D:9)
  2 adder zombies
  3 worms
  2 dart slugs (D:2)
  8 leopard geckos
  47 orcs
  2 ball pythons
  5 bats
  6 giant cockroaches
  13 hobgoblins
  21 jackals
  8 quokkas
  5 frilled lizards
  11 goblins
  24 kobolds
  A leopard gecko zombie (D:8)
  3 rats
341 creatures vanquished.

Vanquished Creatures (others)
  An adder (D:9)
  An adder skeleton (D:10)
  3 fungi (D:4)
5 creatures vanquished.

Grand Total: 346 creatures vanquished

Notes
Turn   | Place    | Note
-------+----------+-------------------------------------------
     0 | D:1      | KristoblXynda the Draconian Conjurer began the quest for the Orb.
     0 | D:1      | Reached XP level 1. HP: 14/14 MP: 3/3
   632 | D:1      | Reached XP level 2. HP: 20/20 MP: 0/5
   656 | D:1      | HP: 1/20 [leopard gecko (4)]
  1784 | D:2      | Reached XP level 3. HP: 26/26 MP: 0/7
  2421 | D:3      | Reached skill level 5 in Conjurations
  2421 | D:3      | Reached XP level 4. HP: 25/33 MP: 3/8
  2536 | D:3      | Noticed Robin
  2596 | D:3      | Noticed Nib's ghost (amateur DrTm)
  2768 | D:3      | Killed Robin
  2768 | D:3      | Reached XP level 5. HP: 35/38 MP: 5/10
  2877 | D:3      | Noticed Terence
  2892 | D:3      | Killed Terence
  3358 | D:3      | Learned a level 3 spell: Dazzling Spray
  3363 | D:3      | Learned a level 4 spell: Iskenderun's Mystic Blast
  3843 | D:4      | Reached skill level 1 in Hexes
  3939 | D:4      | Reached XP level 6. HP: 35/45 MP: 9/12
  4151 | D:4      | Reached skill level 6 in Conjurations
  4342 | D:4      | Your scales start taking on a glossy black colour.
  4342 | D:4      | Reached XP level 7. HP: 50/50 MP: 9/14
  4342 | D:4      | Gained mutation: You are resistant to electric shocks. (rElec) [Black Draconian growth]
  4998 | D:4      | Noticed Eustachio
  5007 | D:4      | Killed Eustachio
  5007 | D:4      | Reached skill level 5 in Spellcasting
  5028 | D:5      | Entered Level 5 of the Dungeon
  5028 | D:5      | Noticed Pikel
  5355 | D:5      | Found a staircase to the Ecumenical Temple.
  5364 | Temple   | Entered the Ecumenical Temple
  5372 | Temple   | Became a worshipper of Vehumet
  5628 | D:5      | Noticed Duvessa
  5631 | D:5      | Noticed Dowan
  5637 | D:5      | Killed Duvessa
  5637 | D:5      | Reached skill level 7 in Conjurations
  5640 | D:5      | Killed Dowan
  5640 | D:5      | Reached XP level 8. HP: 57/57 MP: 12/16
  5795 | D:5      | Noticed Edmund
  5811 | D:5      | Killed Edmund
  6232 | D:5      | Killed Pikel
  6232 | D:5      | Reached skill level 8 in Conjurations
  6232 | D:5      | Reached skill level 5 in Hexes
  6627 | D:6      | Reached skill level 1 in Axes
  6753 | D:6      | Reached XP level 9. HP: 62/62 MP: 19/19
  6795 | D:6      | Found a deep blue altar of Sif Muna.
  6843 | D:6      | Noticed Grinder
  6863 | D:6      | Killed Grinder
  6966 | D:6      | Reached * piety under Vehumet
  6966 | D:6      | Offered knowledge of Flame Tongue by Vehumet.
  6977 | D:6      | Found Aluarrex's Magic Scroll Shop.
  7052 | D:6      | Found a glowing drain.
  7056 | Sewer    | Entered a sewer
  7081 | Sewer    | Noticed Purgy
  7090 | Sewer    | Killed Purgy
  7499 | D:6      | Reached skill level 9 in Conjurations
  8131 | D:7      | Offered knowledge of Freeze by Vehumet.
  8134 | D:7      | Found a shimmering altar of Xom.
  8623 | D:7      | Reached ** piety under Vehumet
  9596 | D:8      | Noticed a troll
  9601 | D:8      | Noticed Gastronok
  9608 | D:7      | Reached XP level 10. HP: 59/69 MP: 7/22
  9734 | D:8      | Reached skill level 5 in Axes
  9853 | D:8      | Killed Gastronok
  9853 | D:8      | Reached skill level 10 in Conjurations
 10105 | D:8      | Found a staircase to the Lair.
 10136 | D:8      | Offered knowledge of Throw Flame by Vehumet.
 10219 | D:8      | Noticed Joseph
 10227 | D:8      | Killed Joseph
 10626 | D:8      | Reached *** piety under Vehumet
 11172 | D:9      | Offered knowledge of Throw Icicle by Vehumet.
 11223 | D:9      | Reached skill level 1 in Fighting
 11515 | D:9      | Reached XP level 11. HP: 61/77 MP: 24/24
 11555 | D:9      | Reached **** piety under Vehumet
 11589 | D:9      | Offered knowledge of Static Discharge by Vehumet.
 12760 | D:10     | Entered Level 10 of the Dungeon
 13062 | D:10     | Noticed a two-headed ogre
 13070 | D:10     | Killed a two-headed ogre
 13070 | D:10     | Reached skill level 11 in Conjurations
 13357 | D:10     | Noticed KristoblXynda's ghost (novice DrCj)
 13810 | D:10     | Noticed an unseen horror
 13821 | D:10     | Killed an unseen horror
 14170 | D:10     | Reached ***** piety under Vehumet
 14170 | D:10     | Offered knowledge of Iron Shot by Vehumet.
 14405 | D:10     | Killed KristoblXynda's ghost
 14887 | D:10     | Reached skill level 10 in Spellcasting
 15848 | D:10     | Learned a level 6 spell: Iron Shot
 16193 | D:11     | Reached skill level 5 in Fighting
 16211 | D:11     | Noticed a two-headed ogre
 16211 | D:11     | Noticed a brown ugly thing
 16211 | D:11     | Noticed an eight-headed hydra
 16337 | Lair:1   | Entered Level 1 of the Lair of Beasts
 16399 | Lair:1   | Found a blossoming altar of Fedhas.
 16486 | Lair:1   | Reached skill level 1 in Shields
 16522 | Lair:1   | Slain by a spiny frog

Vault maps used:
D:1:      mrwooster_arrival_statue
D:3:      first_ration, uniq_robin, uniq_terence
D:4:      serial_aquarium, aquarium_bridge_square, aquarium_window_fake,
          aquarium_window_1, aquarium_view_2a, aquarium_pool_1, uniq_eustachio
D:5:      minmay_temple_entry_statues_pillars, hangedman_decor_push,
          minmay_misc_feat_square, uniq_pikel, uniq_edmund, uniq_duvessa
D:6:      led_sif_book, serial_shops, kennysheep_mini_moat,
          gup_sewer_entry_spiral, uniq_grinder
D:7:      xom_teletrap_fun
D:8:      erik_lair_island, uniq_joseph, uniq_gastronok
D:9:      statuecave_lemuel, minmay_strange_pillars
D:10:     special_room
D:11:     hangedman_screamer, the_bakery
Temple:   nicolae_temple_the_god_donut
Lair:1:   tgw_fedhas, grunt_megastairs_4, serial_bayou_shore_a,
          minmay_lair_oklob_chamber
Sewer:    sewer_co_purgy_island

Skill      XL: |  1  2  3  4  5  6  7  8  9 10 11 |
---------------+----------------------------------+-----
Spellcasting   | 3 4 5 6 8 9 10 | 10.3
Conjurations   | 5 6 7 8 9 10 11 | 11.6
Hexes          | 1 2 3 5 |  5.1
Axes           | 1 4 7 8 |  8.6
Fighting       | 1 5 |  5.0
Shields        | 1 |  1.0
Dodging        | |  1.7
Stealth        | |  1.7

Action                   |  1- 3 |  4- 6 |  7- 9 | 10-12 || total
-------------------------+-------+-------+-------+-------++-------
Melee: Unarmed           |    54 |       |     5 |       ||    59
       Tailslap          |     9 |    11 |    10 |    23 ||    53
       Dagger            |    26 |    85 |       |       ||   111
       War axe           |       |    66 |   194 |   326 ||   586
 Cast: Magic Dart        |    79 |    58 |    80 |    25 ||   242
       Iskenderun's Myst |       |     3 |    42 |   122 ||   167
       Dazzling Spray    |       |       |     1 |       ||     1
 Abil: Breathe Lightning |       |       |     3 |       ||     3
       Evoke Flight      |       |       |       |     2 ||     2
Evoke: Wand              |       |       |       |     8 ||     8
  Use: Scroll            |     5 |     2 |     4 |    13 ||    24
       Potion            |       |     1 |       |     7 ||     8
 Stab: Sleeping          |       |       |     6 |     2 ||     8
       Invisible         |       |       |     1 |       ||     1
  Eat: Chunk             |     4 |    17 |    22 |    41 ||    84
Armor: Skin              |    30 |    53 |   100 |   221 ||   404
Dodge: Dodged            |    52 |    86 |   198 |   334 ||   670

Table legend:
 A = Spawn XP
 B = Non-spawn XP
 C = Spawn XP percentage of total XP
 D = Spawn monster count
 E = Non-spawn monster count
 F = Spawn count percentage of total count
 G = Total turns spent on level
                    A         B        C        D         E        F      G
               +---------+---------+-------+---------+---------+-------+---------
         Total |       0 |   20119 |   0.0 |       0 |     342 |   0.0 | 16522
               +---------+---------+-------+---------+---------+-------+---------
           D:1 |       0 |      23 |   0.0 |       0 |      12 |   0.0 |  1417
           D:2 |       0 |      57 |   0.0 |       0 |      26 |   0.0 |   992
           D:3 |       0 |     246 |   0.0 |       0 |      41 |   0.0 |  1426
           D:4 |       0 |     734 |   0.0 |       0 |      17 |   0.0 |  1237
           D:5 |       0 |    1630 |   0.0 |       0 |      18 |   0.0 |  1294
           D:6 |       0 |    1517 |   0.0 |       0 |      36 |   0.0 |  1240
           D:7 |       0 |    1044 |   0.0 |       0 |      25 |   0.0 |  1748
           D:8 |       0 |    4649 |   0.0 |       0 |      40 |   0.0 |  1174
           D:9 |       0 |    2105 |   0.0 |       0 |      52 |   0.0 |  1996
          D:10 |       0 |    5020 |   0.0 |       0 |      53 |   0.0 |  2968
          D:11 |       0 |    2232 |   0.0 |       0 |      12 |   0.0 |   424
        Lair:1 |       0 |     708 |   0.0 |       0 |       4 |   0.0 |   185
         Sewer |       0 |     154 |   0.0 |       0 |       6 |   0.0 |   162
               +---------+---------+-------+---------+---------+-------+---------
